 Dungeon Crawl Stone Soup version 0.29.1-13-g9f3cf754e1 (webtiles) character file.

Game seed: 8352426902872621771

31 Thatpatchoflichen the Shooter (level 3, 0/28 HPs)
             Began as a Human Hunter on Feb 8, 2023.
             Succumbed to an adder's poison
             ... on level 2 of the Dungeon.
             The game lasted 00:01:35 (834 turns).

Thatpatchoflichen the Shooter (Human Hunter)         Turns: 834, Time: 00:01:36

Health: 0/28       AC:  3    Str: 11    XL:     3   Next: 40%
Magic:  3/3        EV: 12    Int:  9    God:
Gold:   40         SH:  0    Dex: 18    Spells: 2/2 levels left

rFire   . . .      SeeInvis .   a - +0 shortbow
rCold   . . .      Faith    .   (shield currently unavailable)
rNeg    . . .      Spirit   .   c - +0 leather armour
rPois   .          Reflect  .   (no helmet)
rElec   .          Harm     .   (no cloak)
rCorr   .          Rampage  .   (no gloves)
Will    .....                   (no boots)
Stlth   ++........              (no amulet)
HPRegen 0.09/turn               (no ring)
MPRegen 0.08/turn               (no ring)

@: lethally poisoned (0 -> -5)
A: no striking features
a: no special abilities


You were on level 2 of the Dungeon.
You visited 1 branch of the dungeon, and saw 2 of its levels.

You collected 40 gold pieces.

Inventory:

Hand Weapons
 a - a +0 shortbow (weapon)
Armour
 c - a +0 leather armour (worn)
Scrolls
 b - 2 scrolls of immolation
 d - a scroll of identify {unknown}
 e - a scroll of noise {unknown}
 f - a scroll of fear {unknown}
 g - a scroll of amnesia {unknown}
 i - a scroll of blinking {unknown}
Potions
 h - a potion of mutation {unknown}


   Skills:
 + Level 2.5 Fighting
 + Level 4.3 Ranged Weapons
 + Level 2.6 Dodging
 - Level 1.0 Stealth


You had 2 spell levels left.
You didn't know any spells.
Your spell library was empty.

Dungeon Overview and Level Annotations

Branches:
Dungeon (2/15)

Altars:


Message History

You feel sick. The adder completely misses you. The adder bites you.
You are more poisoned.
The adder poisons you!
Fire: a) +0 shortbow
Press: ? - help, Q - select action Shift-Dir - straight line, f/p - adder
Aim: an adder (moderately wounded, 48% to hit)
You shoot an arrow. The arrow misses the adder.
You feel very sick. The adder bites you.
You are lethally poisoned!
The adder poisons you! The adder bites you.
Fire: a) +0 shortbow
Press: ? - help, Q - select action Shift-Dir - straight line, f/p - adder
Aim: an adder (moderately wounded, 48% to hit)
You shoot an arrow.
The arrow hits the adder but does no damage.
The adder is moderately wounded.
* * * LOW HITPOINT WARNING * * *
You feel very sick. The adder closely misses you.
Fire: a) +0 shortbow
Press: ? - help, Q - select action Shift-Dir - straight line, f/p - adder
Aim: an adder (moderately wounded, 48% to hit)
You shoot an arrow. The arrow misses the adder.
* * * LOW HITPOINT WARNING * * *
You feel very sick. The adder closely misses you. The adder misses you.
Fire: a) +0 shortbow
Press: ? - help, Q - select action Shift-Dir - straight line, f/p - adder
Aim: an adder (moderately wounded, 48% to hit)
You shoot an arrow. The arrow barely misses the adder.
* * * LOW HITPOINT WARNING * * *
You feel sick. The adder closely misses you. x2
Fire: a) +0 shortbow
Press: ? - help, Q - select action Shift-Dir - straight line, f/p - adder
Aim: an adder (moderately wounded, 48% to hit)
You shoot an arrow.
The arrow hits the adder but does no damage.
The adder is moderately wounded.
You die...

.. #. #.
##. .. #.
#
#.##.#####
#.@S......
####.#####
#


You could see an adder.

Vanquished Creatures
  2 dart slugs (D:1)
  2 ball pythons (D:1)
  3 bats
  2 endoplasms
  2 giant cockroaches (D:1)
  6 hobgoblins (D:1)
  3 jackals (D:1)
  2 rats (D:1)
22 creatures vanquished.

Notes
Turn   | Place    | Note
-------+----------+-------------------------------------------
     0 | D:1      | Thatpatchoflichen the Human Hunter began the quest for the
                  | Orb.
     0 | D:1      | Reached XP level 1. HP: 16/16 MP: 1/1
    40 | D:1      | Reached XP level 2. HP: 18/22 MP: 2/2
   159 | D:1      | Found a faded altar of an unknown god.
   493 | D:1      | Reached XP level 3. HP: 28/28 MP: 3/3
   834 | D:2      | Succumbed to an adder's poison

Illustrated notes

Levels and vault maps discovered:
D:1:      lemuel_arrival_hallway, layout_loops_ring,
          shapermc_ecumenical_altar_venn, roderic_malta_cross
D:2:      layout_loops_ring, reono_crystal_passage

Action                   || total
-------------------------++-------
 Fire: Shortbow          ||    52
Armor: Leather armour    ||     5
Dodge: Dodged            ||    15
